 Dungeon Crawl Stone Soup version 0.30.0-5-g1a98f26d00 (webtiles) character file.

Game seed: 6661242589825999161

156 Edyrem the Trooper (level 5, -3/51 HPs)
             Began as a Minotaur Monk on May 10, 2023.
             Slain by Edmund
             ... wielding a +2 dire flail of protection
              (7 damage)
             ... on level 4 of the Dungeon.
             The game lasted 00:07:58 (2523 turns).

Edyrem the Trooper (Minotaur Monk)                  Turns: 2523, Time: 00:07:58

Health: -3/51      AC:  8    Str: 18    XL:     5   Next: 15%
Magic:  0/0        EV: 12    Int:  7    God:
Gold:   345        SH:  0    Dex: 12    Spells: 4/4 levels left

rFire   . . .        a - +0 mace
rCold   + . .        d - orb {light}
rNeg    + . .        t - +5 leather armour of the Vacuum {Harm Rampage MP-9 SInv}
rPois   .            (helmet restricted)
rElec   .            n - scarf {repulsion}
rCorr   .            (no gloves)
SInv    +            (no boots)
Will    .....        y - amulet of faith
Stlth   +            m - ring of positive energy
HPRegen 0.28/turn    u - ring of protection from cold
MPRegen 0.07/turn

%: harm (+30% outgoing, +20% incoming), repel missiles, rampage, faith
@: glowing
A: horns 2, retaliatory headbutt
a: no special abilities


You were on level 4 of the Dungeon.
You visited 1 branch of the dungeon, and saw 4 of its levels.
You also visited: Sewer.

You collected 345 gold pieces.

Inventory:

Hand Weapons
 a - a +0 mace (weapon)
 b - a +0 sling
Missiles
 h - 8 poisoned darts (quivered)
 r - 7 boomerangs
Armour
 d - an orb of light (worn)
 n - a scarf of repulsion (worn)
 q - a +0 scale mail
 t - the +5 leather armour of the Vacuum (worn) {Harm Rampage MP-9 SInv}
   (You found it on level 3 of the Dungeon)

   MP:        It affects your magic capacity (-9).
   SInv:      It lets you see invisible.
   Harm:      It increases damage dealt and taken.
   Rampage:   It bestows one free step when moving towards enemies.
Jewellery
 m - a ring of positive energy (left hand)
 p - a ring of magical power
 u - a ring of protection from cold (right hand)
 w - a ring of positive energy
 y - an amulet of faith (around neck)
 F - a ring of protection from cold
Scrolls
 e - 2 scrolls of enchant armour {unknown}
 f - 3 scrolls of identify {@r1}
 k - a scroll of teleportation {unknown}
 l - 3 scrolls of poison
 o - a scroll of acquirement {unknown}
 s - 2 scrolls of magic mapping {unknown}
 A - a scroll of amnesia {unknown}
Potions
 c - a potion of ambrosia
 g - a potion of cancellation {unknown}
 i - a potion of curing {unknown}
 j - a potion of haste {unknown}
 v - 2 potions of mutation {unknown}
 x - a potion of attraction {unknown}
 z - a potion of resistance
 B - a potion of brilliance
 C - a potion of heal wounds {unknown}
 D - a potion of invisibility {unknown}
 E - a potion of might {unknown}


   Skills:
 + Level 6.8 Fighting
 - Level 3.9 Maces & Flails
 - Level 3.5 Dodging


You had 4 spell levels left.
You didn't know any spells.
Your spell library contained the following spells:

 Spells                   Type           Power      Damage    Failure   Level
 Magic Dart               Conj           0%         1d3       50%         1
 Ensorcelled Hibernation  Hex/Ice        0%         N/A       63%         2
 Passwall                 Tmut/Erth      0%         N/A       63%         2
 Searing Ray              Conj           0%         2d4       63%         2
 Call Canine Familiar     Summ           0%         N/A       86%         3
 Portal Projectile        Hex/Tloc       0%         N/A       86%         3
 Swiftness                Air            0%         N/A       86%         3
 Fulminant Prism          Conj/Hex       0%         3d5       99%         4
 Leda's Liquefaction      Hex/Erth       0%         N/A       99%         4


Dungeon Overview and Level Annotations

Branches:
Dungeon (4/15)              Sewer (visited)
 Temple: D:4-7

Altars:
Ashenzari
Trog

Annotations:
D:4 Edmund


Innate Abilities, Weirdness & Mutations

You have a pair of horns on your head.
You reflexively headbutt those who attack you in melee.


Message History

You now have 332 gold pieces (gained 16).
You see here an adder corpse.
You now have 345 gold pieces (gained 13).
A hobgoblin comes into view.
Edmund the Younger comes into view.
He is wielding a +2 dire flail of protection.
Found a scroll labelled GENECV QIRUR.
Edmund shouts!
You see here 7 gold pieces.
Edmund drinks a potion.
Edmund suddenly seems more resistant.
You rampage towards the hobgoblin!
You thump the hobgoblin!
You kill the hobgoblin!
You rampage towards Edmund!
You hit Edmund but do no damage.
Edmund hits you with a +2 dire flail of protection!
You hit Edmund but do no damage. Your headbutt misses Edmund.
Edmund closely misses you. You furiously retaliate!
You headbutt Edmund! You hit Edmund but do no damage.
Edmund is moderately wounded.
Edmund closely misses you.
Edmund hits you with a +2 dire flail of protection!
You sock Edmund!
Edmund is heavily wounded.
Edmund hits you with a +2 dire flail of protection!
* * * LOW HITPOINT WARNING * * *
You barely miss Edmund.
Edmund is heavily wounded.
Edmund hits you with a +2 dire flail of protection!
* * * LOW HITPOINT WARNING * * *
Okay, then.
Throw: 8 darts (poison)
Press: ? - help, Q - select action, (/) - cycle Shift-Dir - straight line, f - Edmund
Aim: Edmund, wielding a +2 dire flail of protection and wearing a +0 chain mail (heavily wounded, unusually resistant, haloed, 86% to hit)
Okay, then.
Okay, then.
You hit Edmund but do no damage.
Edmund is heavily wounded.
Edmund misses you.
You hit Edmund but do no damage. You headbutt Edmund, but do no damage.
Edmund is heavily wounded.
Edmund hits you with a +2 dire flail of protection.
You die...

############
#..........#
#..........#
#..........#########
#..........#.......#
#..........#.......# #
#..........#.......####
#...†..$...............
#.....@............####
######@#####.......#
#.# #.......# #.#
#.......# #?# #.......#
#.# #.......# ..#
######### .##


You could see Edmund (resistant).

Vanquished Creatures
  Jessica (D:2)
  A hell rat (Sewer)
  2 river rats (Sewer)
  3 adders
  A worm (D:3)
  3 dart slugs
  An orc (D:4)
  6 ball pythons
  4 endoplasms
  4 giant cockroaches
  5 goblins
  4 hobgoblins
  A kobold (D:1)
  3 quokkas
  3 bats
  A frilled lizard (D:1)
  10 rats
53 creatures vanquished.

Notes
Turn   | Place    | Note
-------+----------+-------------------------------------------
     0 | D:1      | Edyrem the Minotaur Monk began the quest for the Orb.
     0 | D:1      | Reached XP level 1. HP: 19/19 MP: 0/0
   338 | D:1      | Reached XP level 2. HP: 25/27 MP: 1/1
   485 | D:1      | Found a faded altar of an unknown god.
   543 | D:1      | Reached skill level 4 in Fighting
  1109 | D:2      | Noticed Jessica
  1116 | D:2      | Killed Jessica
  1117 | D:2      | Reached skill level 5 in Fighting
  1117 | D:2      | Reached XP level 3. HP: 28/36 MP: 2/2
  1247 | D:2      | Found a bloodstained altar of Trog.
  1489 | D:3      | Identified the +5 leather armour of the Vacuum {Harm
                  | Rampage MP-9 SInv}
  1622 | D:3      | Reached XP level 4. HP: 40/42 MP: 0/3
  2037 | D:3      | Found a broken altar of Ashenzari.
  2315 | D:4      | Reached skill level 6 in Fighting
  2315 | D:4      | Found a glowing drain.
  2332 | Sewer    | Entered a sewer
  2368 | Sewer    | Reached XP level 5. HP: 51/51 MP: 0/4
  2512 | D:4      | Noticed Edmund
  2523 | D:4      | Slain by Edmund

Illustrated notes

Levels and vault maps discovered:
D:1:      amcnicky_arrival_double_pillar, layout_basic,
          ebering_ecumenical_altar_petrified, chequers_decorated_corner
D:2:      layout_rooms, basic_altar, dreamdust_wishing_well,
          minmay_pentomino_pile, uniq_jessica
D:3:      layout_loops_ring, nicolae_ashenzari_panopticon
D:4:      layout_rooms, portal_sewer_entry_f, uniq_edmund

Skill      XL: |  1  2  3  4 |
---------------+-------------+-----
Fighting       | 5 6 |  6.8
Maces & Flails | |  3.9
Dodging        | |  3.5

Action                     |  1- 3 |  4- 6 || total
---------------------------+-------+-------++-------
  Melee: Mace              |    46 |    47 ||    93
         Headbutt          |     3 |     6 ||     9
   Fire: Sling             |     1 |       ||     1
    Use: Scroll            |       |     1 ||     1
 Armour: Robe              |     1 |       ||     1
         Ring mail         |     6 |       ||     6
         Scale mail        |     5 |       ||     5
         Leather armour    |       |    14 ||    14
  Dodge: Dodged            |    21 |    26 ||    47
